AoeStats
← [ Wildpigs ] Mighty MOSE

Arena

510369487Analyzed
4v4 RM · 1d ago on Sep 30, 2026· 23m 40s· 8 players
Game mode
Random Map
Map size
Large (8 player)
Population
200
Speed
Normal
Resources
Standard
Victory
Conquest
Starting age
Dark Age
Ending age
Imperial Age
RankedLock teamsTeams togetherTeam positionsShared explorationLock speedFull tech treeHidden civsTurbo modeCheats
Victory
Defeat
🇲🇽 Varangians · Mexico
1276
+14
🇲🇽 Cumans · Mexico
1215
+17
1209
+17
🇲🇽 Armenians · Mexico
1136
+19
🇫🇷 Chinese · France
1267
-18
🇩🇪 Varangians · Germany
1254
-18
🇩🇪 Saxons · Germany
1242
-17
🇳🇱 Khmer · Netherlands
1159
-14
[ Wildpigs ] Mighty MOSE
7:28 Loom
9:57 Feudal Age
11:59 Double-Bit Axe
[ Wildpigs ] Er
10:55 Feudal Age
14:39 Castle Age
15:45 Double-Bit Axe
[ Wildpigs ] RonRon
10:15 Feudal Age
10:24 Man-at-Arms
11:05 Long Swordsman
22:57 Castle Age
21:35 Double-Bit Axe
21:39 Horse Collar
22:06 Fletching
23:02 Crossbowman
一二一二一二一二
5:24 Loom
11:26 Feudal Age
13:18 Double-Bit Axe
16:13 Castle Age
18:18 Forging
18:14 Scale Barding Armor
18:24 Bow Saw
24:13 Wheelbarrow
Bölkstoffschnorchler
10:58 Feudal Age
14:47 Castle Age
13:25 Double-Bit Axe
13:21 Horse Collar
14:55 Loom
17:34 Bow Saw
17:25 Heavy Plow
23:21 Scale Barding Armor
Nils
9:38 Feudal Age
8:03 Loom
14:33 Castle Age
13:31 Double-Bit Axe
14:24 Horse Collar
17:37 Town Watch
19:02 Fletching
20:28 Bodkin Arrow
24:09 Padded Archer Armor
Sappy22
2:52 Loom
10:12 Loom
12:14 Feudal Age
16:25 Castle Age
14:17 Double-Bit Axe
14:53 Horse Collar
15:50 Wheelbarrow
16:59 Fletching
17:48 Bow Saw
21:05 Padded Archer Armor
21:04 Bodkin Arrow
Pronyx
10:00 Feudal Age
10:32 Double-Bit Axe
11:49 Loom
15:30 Castle Age
13:55 Horse Collar
Connection lost

Rejoining the realm…

Still unreachable

The connection could not be restored.

Session expired

The server has moved on; the page needs a fresh start.